 Dungeon Crawl Stone Soup version 0.27.1-34-g3ba077fa99 (webtiles) character file.

Game seed: 14606026978100595283

40 Descartes the Magician (level 3, -1/19 HPs)
             Began as a Deep Elf Wanderer on Jan 18, 2022.
             Slain by a hobgoblin (2 damage)
             ... led by Robin
             ... on level 2 of the Dungeon.
             The game lasted 00:03:53 (1611 turns).

Descartes the Magician (Deep Elf Wanderer)          Turns: 1611, Time: 00:03:54

Health: -1/19      AC:  2    Str:  8    XL:     3   Next: 30%
Magic:  4/11       EV: 11    Int: 18    God:
Gold:   43         SH:  0    Dex: 14    Spells: 11/12 levels left

rFire    . . .     SeeInvis .   i - +2 dagger (holy)
rCold    . . .     Faith    .   (no shield)
rNeg     . . .     Spirit   .   c - +0 robe
rPois    .         Reflect  .   (no helmet)
rElec    .         Harm     .   (no cloak)
rCorr    .         Rampage  .   (no gloves)
Will     .....                  (no boots)
Stlth    +.........             (no amulet)
HPRegen  0.06/turn              (no ring)
MPRegen  0.12/turn              (no ring)

@: no status effects
A: no striking features
a: no special abilities


You were on level 2 of the Dungeon.
You visited 1 branch of the dungeon, and saw 2 of its levels.

You collected 43 gold pieces.

Inventory:

Hand Weapons
 h - a +1 dagger of freezing
 i - a +2 dagger of holy wrath (weapon)
Missiles
 b - 12 poisoned darts (quivered)
 g - 6 atropa-tipped darts
 j - 12 stones
Armour
 c - a +0 robe (worn)
Scrolls
 a - a scroll of fear {unknown}
 e - a scroll of enchant armour {unknown}
Potions
 d - a potion of lignification {unknown}
 f - a potion of curing {unknown}


   Skills:
 - Level 2.0 Throwing
 - Level 5.0 Spellcasting
 * Level 1.7 Conjurations
 + Level 2.5 Translocations
 + Level 3.7 Fire Magic


You had 11 spell levels left.
You knew the following spells:

 Your Spells              Type           Power      Damage    Failure   Level
a - Foxfire               Conj/Fire      56%        2x1d6     4%          1

Your spell library contained the following spells:

 Spells                   Type           Power      Damage    Failure   Level
 Apportation              Tloc           26%        N/A       4%          1
 Conjure Flame            Conj/Fire      14%        6-21      13%         3
 Teleport Other           Tloc           13%        N/A       14%         3
 Inner Flame              Hex/Fire       11%        N/A       19%         3
 Sticky Flame             Conj/Fire      14%        2d4       38%         4
 Fireball                 Conj/Fire      7%         3d5       75%         5
 Cause Fear               Hex            2%         N/A       78%         4
 Discord                  Hex            2%         N/A       100%        8


Dungeon Overview and Level Annotations

Branches:
Dungeon (2/15)

Altars:

Shops:
D:2 [


Message History

The goblin hits you with a +0 dagger. The hobgoblin hits you.
You hit the goblin.
You kill the goblin!
The hobgoblin misses you.
You hit the hobgoblin but do no damage. The hobgoblin hits you.
Unknown command.
You closely miss the hobgoblin.
Casting: Foxfire (safe; 4% risk of failure)
Confirm with . or Enter, or press ? or * to list all spells.
There is not enough space to conjure foxfire!
You miss the goblin. The hobgoblin hits you. The goblin closely misses you.
You hit the goblin.
The goblin is heavily wounded.
The hobgoblin barely misses you. The goblin hits you with a +0 dagger.
You hit the goblin.
You kill the goblin!
The hobgoblin closely misses you.
You hit the hobgoblin.
The hobgoblin is lightly wounded.
The hobgoblin hits you. The hobgoblin closely misses you.
You hit the hobgoblin but do no damage.
The hobgoblin is lightly wounded.
The hobgoblin barely misses you.
The hobgoblin hits you but does no damage.
You hit the hobgoblin.
The hobgoblin is severely wounded.
The hobgoblin hits you but does no damage.
The hobgoblin hits you.
You closely miss the hobgoblin.
The hobgoblin is severely wounded.
The hobgoblin misses you. The hobgoblin closely misses you.
You closely miss the hobgoblin.
The hobgoblin is severely wounded.
The hobgoblin hits you.
* * * LOW HITPOINT WARNING * * *
The hobgoblin barely misses you.
You hit the hobgoblin.
The hobgoblin is moderately wounded.
The hobgoblin hits you.
You die...

##+# ######.#
#.# #.# #.#
#.# #.# #.#
.##########g#
..........g@#
.############


You could see 2 hobgoblins.

Vanquished Creatures
  Robin (D:2)
  2 worms (D:2)
  2 endoplasms (D:1)
  7 goblins
  2 hobgoblins
  A quokka (D:1)
  3 ball pythons (D:1)
  3 bats (D:1)
  2 kobolds (D:1)
23 creatures vanquished.

Vanquished Creatures (others)
  2 demonic plants (D:2)
  82 foxfires
  4 fungi (D:2)
  A plant (D:2)
89 creatures vanquished.

Grand Total: 112 creatures vanquished

Notes
Turn   | Place    | Note
-------+----------+-------------------------------------------
     0 | D:1      | Descartes the Deep Elf Wanderer began the quest for the
                  | Orb.
     0 | D:1      | Descartes set off with the following items: a +0 dagger, 12
                  | poisoned darts, a +0 robe; and the following spells
                  | available to memorise: Apportation, Foxfire, Teleport
                  | Other, Conjure Flame, Inner Flame, Sticky Flame, Fireball
     0 | D:1      | Reached XP level 1. HP: 10/10 MP: 7/7
     2 | D:1      | Learned a level 1 spell: Foxfire
   635 | D:1      | Reached XP level 2. HP: 15/15 MP: 5/9
  1303 | D:2      | Found a faded altar of an unknown god.
  1342 | D:2      | Found Atas's Antique Armour Boutique.
  1362 | D:2      | Reached skill level 1 in Conjurations
  1576 | D:2      | Noticed Robin
  1590 | D:2      | Killed Robin
  1591 | D:2      | Reached skill level 5 in Spellcasting
  1591 | D:2      | Reached XP level 3. HP: 19/19 MP: 4/11
  1611 | D:2      | Slain by a hobgoblin

Illustrated notes

Levels and vault maps discovered:
D:1:      ncdulo_watergridlock, layout_basic, minmay_tetromino_t4
D:2:      layout_loops_corners, serial_shops, shop, nicolae_shop_statue_plus,
          shapermc_ecumenical_altar_gd, uniq_robin

Skill      XL: |  1  2 |
---------------+-------+-----
Conjurations   | 1 |  1.7
Spellcasting   | 5 |  5.0
Throwing       | |  2.0
Translocations | |  2.5
Fire Magic     | |  3.7

Action                   || total
-------------------------++-------
Melee: Dagger            ||    17
 Cast: Foxfire           ||    59
Armor: Robe              ||     4
Dodge: Dodged            ||    13
